 Dungeon Crawl Stone Soup version 0.25-a0-663-gace7076f2c (webtiles) character file.

Game seed: 17685260320970434084, levelgen mode: deterministic

228 Mehrunes the Ruffian (level 5, -3/42 HPs)
             Began as a Draconian Transmuter on Mar 25, 2020.
             Was an Initiate of Makhleb.
             Splashed by a jelly's acid (8 damage)
             ... on level 4 of the Dungeon.
             The game lasted 00:13:38 (4951 turns).

Mehrunes the Ruffian (Draconian Transmuter)         Turns: 4951, Time: 00:13:39

Health: -3/42      AC: -6    Str: 13    XL:     5   Next: 70%
Magic:  4/8        EV: 12    Int: 14    God:    Makhleb [......]
Gold:   165        SH:  0    Dex: 11    Spells: 2/8 levels left

rFire    + . .     SeeInvis .     - Unarmed
rCold    x . .     Gourm    +   (no shield)
rNeg     + . .     Faith    .   (armour unavailable)
rPois    .         Spirit   .   (helmet restricted)
rElec    .         Reflect  .   (no cloak)
rCorr    .         Harm     .   w - +0 pair of gloves
MR       .....                  (no boots)
Stlth    +.........             g - amulet of the gourmand
HPRegen  0.14/turn              d - ring of positive energy
MPRegen  0.11/turn              s - ring of fire

@: appendage (expiring), corroded
A: unfitting armour, horns 2, cold-blooded, AC +5
a: End Transformation, Renounce Religion


You were on level 4 of the Dungeon.
You worshipped Makhleb.
Makhleb was noncommittal.
You were full.
You had grown temporary horns.
You visited 2 branches of the dungeon, and saw 5 of its levels.

You collected 165 gold pieces.

Inventory:

Hand Weapons
 u - the +2 whip "Viugeqyr" {vamp, rElec rN+ Str+2}
   (You found it on level 4 of the Dungeon)

   It inflicts no extra harm, but heals its wielder when it wounds a living foe.
   It affects your strength (+2).
   It insulates you from electricity.
   It protects you from negative energy.
Missiles
 a - 25 arrows
Armour
 w - a +0 pair of gloves (worn)
Jewellery
 d - a ring of positive energy (left hand)
 g - an amulet of the gourmand (around neck)
 k - an uncursed amulet of inaccuracy
 s - a ring of fire (right hand)
Wands
 q - a wand of clouds (3)
Scrolls
 b - a scroll of enchant armour
 f - 2 scrolls of teleportation
 h - a scroll of immolation
 l - a scroll of fog {unknown}
 n - 2 scrolls of identify
 r - 2 scrolls of magic mapping {unknown}
 t - a scroll of blinking {unknown}
Potions
 e - a potion of lignification {unknown}
 i - a potion of stabbing {unknown}
 j - 2 potions of curing {unknown}
 m - 2 potions of degeneration {unknown}
 o - a potion of berserk rage {unknown}
 p - a potion of haste {unknown}
 v - a potion of cancellation {unknown}
Comestibles
 c - 4 rations


   Skills:
 - Level 2.5 Fighting
 - Level 1.7 Dodging
 - Level 4.2 Unarmed Combat
 - Level 2.0 Spellcasting
 + Level 4.1 Transmutations
 + Level 1.8 Poison Magic


You had 2 spell levels left.
You knew the following spells:

 Your Spells              Type           Power        Failure   Level  Hunger
a - Beastly Appendage     Tmut           ##....       4%          1    ##.....
b - Sticks to Snakes      Tmut           ##......     7%          2    ###....
c - Spider Form           Tmut/Pois      #.........   22%         3    ####...

Your spell library contained the following spells:

 Spells                   Type           Power        Failure   Level  Hunger
 Ice Form                 Ice/Tmut       #.......     71%         4    #####..
 Blade Hands              Tmut           ##........   77%         5    ######.


Dungeon Overview and Level Annotations

Branches:
Dungeon (4/15)             Temple (1/1) D:4

Altars:
Ashenzari
Cheibriados
Dithmenos
Elyvilon
Fedhas
Gozag
Hepliaklqana
Kikubaaqudgha
Makhleb
Nemelex Xobeh
Okawaru
Qazlal
Sif Muna
Trog
Vehumet
Wu Jian
Yredelemnul
Zin
The Shining One


Innate Abilities, Weirdness & Mutations

Your plain brown scales are hard. (AC +5)
You cannot fit into any form of body armour.
You are cold-blooded and may be slowed by cold attacks.
You have a pair of horns on your head.


Message History

Aim: a jelly (lightly wounded)
Okay, then.
The jelly closely misses you. The jelly hits you.
You are splashed with acid.
Your ball python bites the jelly.
Your ball python is burned by acid!
Your ball python withers and dies!
Casting: Sticks to Snakes (safe; 7% risk of failure)
Confirm with . or Enter, or press ? or * to list all spells.
You create a snake!
You now have 25 arrows.
Your transformation is almost over.
The jelly hits you. The acid corrodes you!
You are splashed with acid!
* * * LOW HITPOINT WARNING * * *
Firing (i - inventory) No suitable missiles.
Press: ? - help, Shift-Dir - straight line, f/p - jelly
Aim: a jelly (lightly wounded)
Okay, then.
The jelly hits you.
* * * LOW HITPOINT WARNING * * *
You are splashed with acid!
You die...

##....[...........>....
.).....................
.......#.............##
......##.......).....#
.....####............#
#....## #............#
. #.....#
##...........# ..
#.....## ##.....J....#
.. ##.....##
##....@...## . #......#
###......# #. #....#.##
##...S.# #. ##...#..#
###.)## ####.#
#...##.## ### #.....
##..###.## .####.#.#.
#..# #..# ...#......
##.# ##.## ......#...
## ##.# ..........


You could see a jelly and a friendly adder.

Vanquished Creatures
  2 orc wizards
  2 worker ants (D:4)
  A hound skeleton (D:4)
  4 adders
  2 oozes
  3 worms
  3 leopard geckos
  7 orcs
  3 hobgoblins
  9 jackals
  2 ball pythons
  4 bats
  A frilled lizard (D:1)
  A giant cockroach zombie (D:3)
  10 goblins
  10 kobolds
  9 rats
73 creatures vanquished.

Vanquished Creatures (collateral kills)
  A worm (D:2)
1 creature vanquished.

Grand Total: 74 creatures vanquished

Notes
Turn   | Place    | Note
-------+----------+-------------------------------------------
     0 | D:1      | Mehrunes the Draconian Transmuter began the quest for the
                  | Orb.
     0 | D:1      | Reached XP level 1. HP: 16/16 MP: 3/3
   129 | D:1      | Reached XP level 2. HP: 12/23 MP: 5/5
   325 | D:1      | Learned a level 2 spell: Sticks to Snakes
  1314 | D:2      | Reached XP level 3. HP: 24/28 MP: 4/6
  2438 | D:3      | Reached XP level 4. HP: 36/36 MP: 5/7
  2445 | D:3      | Noticed a hippogriff
  3254 | D:3      | Reached XP level 5. HP: 42/42 MP: 8/8
  3263 | D:3      | Learned a level 3 spell: Spider Form
  3425 | D:3      | Found an opulent altar of Gozag.
  3879 | D:4      | Found a staircase to the Ecumenical Temple.
  3890 | Temple   | Entered the Ecumenical Temple
  4245 | Temple   | Became a worshipper of Makhleb the Destroyer
  4309 | D:4      | Got a scorched whip
  4310 | D:4      | Identified the +2 whip "Viugeqyr" {vamp, rElec rN+ Str+2}
                  | (You found it on level 4 of the Dungeon)
  4351 | D:4      | Reached skill level 1 in Poison Magic
  4951 | D:4      | Splashed by a jelly's acid

Levels and vault maps discovered:
D:1:      zelgadis_glass_arrival_small, layout_basic, minmay_misc_feat_plants
D:2:      layout_basic, eino_tiny_chamber
D:3:      layout_loops_ring, lemuel_coloured_pillars_altar, first_ration,
          minmay_misc_feat_doors
D:4:      layout_cave_pods, minmay_temple_entry_glass, enter_ossuary_1,
          nicolae_gozag_cash_rules_everything_around_me
Temple:   hc_temple_tempest_star

Skill      XL: |  1  2  3  4  5 |
---------------+----------------+-----
Transmutations | 3 4 |  4.1
Fighting       | 2 |  2.5
Unarmed Combat | 4 |  4.2
Poison Magic   | 1 |  1.8
Dodging        | |  1.7
Spellcasting   | |  2.0

Action                   |  1- 3 |  4- 6 || total
-------------------------+-------+-------++-------
Melee: Unarmed           |   209 |   139 ||   348
       Tailslap          |    17 |    13 ||    30
       Headbutt          |     8 |     7 ||    15
       Kick              |    16 |     4 ||    20
       Punch             |     1 |       ||     1
 Cast: Beastly Appendage |    25 |    13 ||    38
       Sticks to Snakes  |     3 |     6 ||     9
Evoke: Wand              |       |     2 ||     2
  Use: Scroll            |     4 |     1 ||     5
       Potion            |     2 |       ||     2
 Stab: Sleeping          |       |     1 ||     1
  Eat: Chunk             |     5 |    15 ||    20
Armor: Skin              |    62 |    30 ||    92
Dodge: Dodged            |   149 |    98 ||   247

Table legend:
 A = Non-vault XP
 B = Vault XP
 C = Vault XP percentage of total XP
 D = Non-vault monster count
 E = Vault monster count
 F = Vault count percentage of total count
                 A         B        C        D         E       F
            +---------+---------+-------+---------+---------+-------
      Total |     326 |       0 |   0.0 |      74 |       0 |   0.0
            +---------+---------+-------+---------+---------+-------
        D:1 |      39 |       0 |   0.0 |      25 |       0 |   0.0
        D:2 |      55 |       0 |   0.0 |      19 |       0 |   0.0
        D:3 |     112 |       0 |   0.0 |      20 |       0 |   0.0
        D:4 |     120 |       0 |   0.0 |      10 |       0 |   0.0
            +---------+---------+-------+---------+---------+-------
